 Dungeon Crawl Stone Soup version 0.28.0-47-ge53b351184 (webtiles) character file.

Game seed: 12842142127140203421

4 GigaChad the Caller (level 1, -1/13 HPs)
             Began as a Merfolk Summoner on Apr 26, 2022.
             Slain by a quokka (5 damage)
             ... on level 1 of the Dungeon.
             The game lasted 00:01:33 (277 turns).

GigaChad the Caller (Merfolk Summoner)               Turns: 277, Time: 00:01:34

Health: -1/13      AC:  2    Str:  8    XL:     1   Next: 70%
Magic:  3/3        EV: 12    Int: 14    God:
Gold:   16         SH:  0    Dex: 14    Spells: 3/4 levels left

rFire   . . .      SeeInvis .   (no weapon)
rCold   . . .      Faith    .   (no shield)
rNeg    . . .      Spirit   .   a - +0 robe
rPois   .          Reflect  .   (no helmet)
rElec   .          Harm     .   (no cloak)
rCorr   .          Rampage  .   (no gloves)
Will    +....                   (no boots)
Stlth   ++........              (no amulet)
HPRegen 0.04/turn               b - ring of willpower
MPRegen 0.08/turn               (no ring)

@: no status effects
A: (nimble swimmer 2), mertail
a: no special abilities


You were on level 1 of the Dungeon.
You visited 1 branch of the dungeon, and saw 1 of its levels.

You collected 16 gold pieces.

Inventory:

Armour
 a - a +0 robe (worn)
Jewellery
 b - a ring of willpower (left hand)
Potions
 c - a potion of flight {unknown}
 d - a potion of mutation {unknown}


   Skills:
 + Level 2.6 Dodging
 + Level 2.1 Stealth
 + Level 2.0 Spellcasting
 + Level 4.2 Summonings


You had 3 spell levels left.
You knew the following spells:

 Your Spells              Type           Power      Damage    Failure   Level
a - Summon Small Mammal   Summ           52%        N/A       4%          1

Your spell library contained the following spells:

 Spells                   Type           Power      Damage    Failure   Level
 Call Imp                 Summ           13%        N/A       6%          2
 Call Canine Familiar     Summ           13%        N/A       12%         3
 Magic Dart               Conj           4%         1d3       24%         1
 Summon Guardian Golem    Hex/Summ       7%         N/A       30%         3
 Inner Flame              Hex/Fire       1%         N/A       56%         3
 Mephitic Cloud           Conj/Pois/Air  1%         N/A       56%         3
 Summon Lightning Spire   Summ/Air       7%         N/A       69%         4
 Cause Fear               Hex            0%         N/A       93%         4
 Discord                  Hex            0%         N/A       100%        8


Dungeon Overview and Level Annotations

Branches:
Dungeon (1/15)

Altars:

Shops:
D:1 *


Innate Abilities, Weirdness & Mutations

((You are very nimble when in or above water. (Stealth+, EV+, Speed+++)))
Your lower body shifts to a powerful aquatic tail in water.


Message History

Your quokka bites the endoplasm.
You hit the endoplasm.
The endoplasm is severely wounded.
Your quokka bites the endoplasm.
The endoplasm dies!
The rat completely misses you.
You hit the rat but do no damage.
Your quokka disappears in a puff of smoke!
Your quokka bites the rat.
The rat dies!
Your quokka disappears in a puff of smoke!
A quokka comes into view.
The quokka moves out of view.
Found Plog's Assorted Antiques.
Found a ruby potion.
You see here a ruby potion.
You see here a ruby potion.
d - a ruby potion The quokka bites you.
The quokka misses you. The quokka barely misses you.
The quokka closely misses you. The quokka barely misses you.
You barely miss the quokka. The quokka barely misses you.
You hit the quokka but do no damage. The quokka completely misses you.
You hit the quokka but do no damage.
The quokka bites you but does no damage.
You barely miss the quokka. The quokka bites you.
You closely miss the quokka. The quokka barely misses you.
The quokka bites you but does no damage.
You hit the quokka but do no damage.
The quokka bites you but does no damage.
You hit the quokka but do no damage. The quokka barely misses you.
You hit the quokka but do no damage. The quokka barely misses you.
You hit the quokka but do no damage. The quokka completely misses you.
You hit the quokka but do no damage. The quokka misses you.
The quokka closely misses you.
You miss the quokka. The quokka bites you.
You hit the quokka but do no damage. The quokka bites you.
You closely miss the quokka. The quokka bites you.
You die...

##≈≈≈≈≈≈≈≈≈≈≈≈≈
#######.#.............
#.......#.8.⌠⌠⌠>⌠⌠⌠.8.
####..#....#.............
##...#....#.###+###+###'##
##........^.###..##..# #...
#.............#(###.#######
#.........................†
#........r@..#########.....
##.......♣.............#...
##...#♣.∩.♣.###########...
#######♣#### #... #... ####


You could see a quokka.

Vanquished Creatures (collateral kills)
  An endoplasm (D:1)
  A hobgoblin (D:1)
  A ball python (D:1)
  2 rats (D:1)
5 creatures vanquished.

Notes
Turn   | Place    | Note
-------+----------+-------------------------------------------
     0 | D:1      | GigaChad the Merfolk Summoner began the quest for the Orb.
     0 | D:1      | Reached XP level 1. HP: 13/13 MP: 3/3
   238 | D:1      | Found Plog's Assorted Antiques.
   277 | D:1      | Slain by a quokka

Illustrated notes

Levels and vault maps discovered:
D:1:      zaba_arrival_water, layout_rooms, serial_shops, nicolae_shop_trees,
          hellmonk_ecumenical_altar_dog_temple

Action                   || total
-------------------------++-------
Melee: Unarmed           ||    18
 Cast: Summon Small Mamm ||     4
Armor: Robe              ||     4
Dodge: Dodged            ||    17
